 Dungeon Crawl Stone Soup version 0.27.0-1-g7a089689b8 (webtiles) character file.

Game seed: 813089271290770893

161 Smaepdii the Grave Robber (level 5, -1/42 HPs)
             Began as a Deep Dwarf Necromancer on Aug 7, 2021.
             Was an Initiate of Okawaru.
             Slain by a phantom (4 damage)
             ... on level 4 of the Dungeon.
             The game lasted 00:17:27 (3799 turns).

Smaepdii the Grave Robber (Deep Dwarf Necromancer)  Turns: 3799, Time: 00:17:28

Health: -1/42      AC:  3    Str: 13    XL:     5   Next: 19%
Magic:  7/7        EV: 12    Int: 15    God:    Okawaru [......]
Gold:   111        SH:  0    Dex: 13    Spells: 3/7 levels left

rFire    . . .     SeeInvis .   m - +2 trident (vamp)
rCold    . . .     Faith    .   (no shield)
rNeg     . . .     Spirit   .   a - +0 robe
rPois    .         Reflect  .   (no helmet)
rElec    .         Harm     .   (no cloak)
rCorr    .         Rampage  .   j - +0 pair of gloves
Will     .....                  (no boots)
Stlth    ++........             (no amulet)
HPRegen  0.00/turn              (no ring)
MPRegen  0.10/turn              (no ring)

@: no status effects
A: damage resistance, heal wounds, sense surroundings 1, no regeneration
a: Heal Wounds, Renounce Religion


You were on level 4 of the Dungeon.
You worshipped Okawaru.
Okawaru was noncommittal.
You visited 1 branch of the dungeon, and saw 4 of its levels.

You collected 111 gold pieces.

Inventory:

Hand Weapons
 m - a +2 vampiric trident (weapon)
Missiles
 b - 7 poisoned darts
Armour
 a - a +0 robe (worn)
 g - a +0 chain mail
 j - a +0 pair of gloves (worn)
 o - a +0 kite shield
Scrolls
 d - a scroll of enchant weapon {unknown}
 e - 2 scrolls of magic mapping
 f - a scroll of fear {unknown}
 h - a scroll of torment {unknown}
 i - a scroll of immolation {unknown}
 k - a scroll of fog {unknown}
 n - a scroll of identify {unknown}
Potions
 l - a potion of curing {unknown}


   Skills:
 - Level 2.1 Dodging
 - Level 2.4 Stealth
 - Level 1.7 Spellcasting
 * Level 7.2 Necromancy


You had 3 spell levels left.
You knew the following spells:

 Your Spells              Type           Power      Damage    Failure   Level
a - Pain                  Necr           88%        1d8       1%          1
b - Vampiric Draining     Necr           11%        2d7       3%          3

Your spell library contained the following spells:

 Spells                   Type           Power      Damage    Failure   Level
 Animate Skeleton         Necr           44%        N/A       1%          1
 Animate Dead             Necr           11%        N/A       12%         4
 Agony                    Necr           22%        N/A       32%         5


Dungeon Overview and Level Annotations

Branches:
Dungeon (4/15)             Temple (0/1) D:4

Altars:
Okawaru
Xom
Yredelemnul
The Shining One

Annotations:
D:3 2 transporters


Innate Abilities, Weirdness & Mutations

You are resistant to damage.
You can heal yourself by infusing magical energy.
You passively map a small area around you.
You do not regenerate.


Message History

You climb downwards.
There is a stone staircase leading up here.
(D) Dungeon (T) Temple
Where to? (Enter - D:4, ? - help)
Okay, then.
A phantom comes into view.
Reach: m) +2 trident (vamp)
Press: ? - help, Dir - move target, f - phantom
Aim: a phantom (about 54% to evade your +2 vampiric trident)
You reach to attack!
You hit the phantom.
The phantom is lightly damaged.
Aiming: Vampiric Draining (dangerous; 3% risk of failure)
Press: ? - help, Q - select action, (/) - cycle Shift-Dir - straight line, f - you, p - phantom That would be overly suicidal.
Okay, then.
You barely miss the phantom.
The phantom is lightly damaged.
The phantom completely misses you. The phantom closely misses you.
There is a stone staircase leading up here.
You hit the phantom.
The phantom is moderately damaged.
The phantom closely misses you.
You hit the phantom but do no damage.
The phantom is moderately damaged.
The phantom hits you.
The phantom blinks!
You blink.
The phantom hits you!
* * * LOW HITPOINT WARNING * * *
The phantom blinks!
You blink.
You hit the phantom.
The phantom is moderately damaged.
The phantom hits you.
* * * LOW HITPOINT WARNING * * *
The phantom barely misses you.
You puncture the phantom!
The phantom is heavily damaged.
The phantom hits you!
* * * LOW HITPOINT WARNING * * *
The phantom blinks!
You blink.
The phantom hits you.
You die...

*,,,,,,,,,,* *,**,,* *,,**
*,,******#.# *,**,,***,,**
*,,..,,,,..# *,,,,,,,>,,,*
**,#.##*,#.# ****,,,,,,,,,
*,#....,#.# **,***,,,*
*,*.._.,#.# *,* *,,**
*,*,,...#.# *,***,,,,
*,#.###.#W## *,,,,,,,,
*,.......@.# *****,,**
#.#######..# *,,*
#..........######*****,,*
**##....ยงยง.<....#*,,,,,,*
############.#*,****,*
*.#*,* *,* *.#*,* *,*
*.#*,* *,* *.#*,* **,*


You could see a phantom.

Vanquished Creatures
  An orc priest (D:3)
  Terence (D:3)
  5 adders
  2 orcs (D:3)
  11 ball pythons
  7 bats
  4 endoplasms
  A giant cockroach (D:3)
  7 goblins
  7 hobgoblins
  2 jackals (D:2)
  2 quokkas (D:1)
  6 frilled lizards
  3 kobolds
  9 rats
68 creatures vanquished.

Notes
Turn   | Place    | Note
-------+----------+-------------------------------------------
     0 | D:1      | Smaepdii the Deep Dwarf Necromancer began the quest for the
                  | Orb.
     0 | D:1      | Reached XP level 1. HP: 15/15 MP: 3/3
   212 | D:1      | Reached XP level 2. HP: 19/22 MP: 4/4
   235 | D:1      | Reached skill level 5 in Necromancy
   239 | D:1      | Found a faded altar of an unknown god.
  1159 | D:2      | Reached XP level 3. HP: 14/28 MP: 5/5
  1246 | D:2      | Learned a level 3 spell: Vampiric Draining
  1444 | D:2      | Reached skill level 6 in Necromancy
  1508 | D:2      | Reached XP level 4. HP: 30/36 MP: 0/6
  2338 | D:3      | Found a transporter.
  2416 | D:3      | Found an iron altar of Okawaru.
  2429 | D:3      | Found a basalt altar of Yredelemnul.
  2516 | D:3      | Became a worshipper of Warmaster Okawaru
  3128 | D:3      | Found a transporter.
  3137 | D:3      | Reached skill level 7 in Necromancy
  3137 | D:3      | Reached XP level 5. HP: 22/42 MP: 0/7
  3288 | D:3      | Found a glowing golden altar of the Shining One.
  3288 | D:3      | Noticed Terence
  3304 | D:3      | Killed Terence
  3750 | D:4      | Found a shimmering altar of Xom.
  3785 | D:4      | Noticed a phantom
  3799 | D:4      | Slain by a phantom

Illustrated notes

Levels and vault maps discovered:
D:1:      dpeg_arrival_rhombi, layout_loops_ring,
          ebering_ecumenical_altar_abandoned
D:2:      layout_basic
D:3:      gammafunk_steamed_eel, layout_basic, nicolae_tso_swordbearing_angel,
          mainiacjoe_overflow_catwalk_spiral, hex_large,
          minmay_misc_feat_secret_circle, uniq_terence
D:4:      layout_loops_ring, mainiacjoe_overflow_cross_hatched,
          minmay_temple_entry_hall

Skill      XL: |  1  2  3  4 |
---------------+-------------+-----
Necromancy     | 5 6 7 |  7.2
Dodging        | |  2.1
Stealth        | |  2.4
Spellcasting   | |  1.7

Action                   |  1- 3 |  4- 6 || total
-------------------------+-------+-------++-------
Melee: Spear             |    89 |    54 ||   143
       Trident           |       |    15 ||    15
Throw: Dart              |    75 |       ||    75
 Cast: Vampiric Draining |     5 |    22 ||    27
 Abil: Heal Wounds       |     1 |     3 ||     4
  Use: Scroll            |       |     2 ||     2
 Stab: Sleeping          |     2 |       ||     2
Armor: Robe              |    13 |     6 ||    19
Dodge: Dodged            |    49 |    59 ||   108
